 Dungeon Crawl Stone Soup version 0.27-a0-77-gd04b7445b5 (webtiles) character file.

Game seed: 6235706987922471374

9233 kae the Grappler (level 11, -11/88 HPs)
             Began as an Octopode Transmuter on Jan 13, 2021.
             Was a Follower of Wu Jian.
             Mangled by Snorg (19 damage)
             ... on level 10 of the Dungeon.
             The game lasted 00:18:33 (19042 turns).

kae the Grappler (Octopode Transmuter)             Turns: 19042, Time: 00:18:34

Health: -11/88     AC:  6    Str: 13    XL:     11   Next: 43%
Magic:  13/20      EV: 13    Int: 16    God:    Wu Jian [*.....]
Gold:   688        SH:  0    Dex: 12    Spells: 14/22 levels left

rFire    x . .     SeeInvis .     - Unarmed
rCold    + + +     Faith    .   (shield currently unavailable)
rNeg     . . .     Spirit   .   (helmet currently unavailable)
rPois    +         Reflect  .   (no amulet)
rElec    .         Harm     .   t - ring of protection from cold
rCorr    +         Rampage  .   j - ring of resist corrosion
Will     .....                  (no ring)
Stlth    +.........             (no ring)
HPRegen  0.24/turn              (no ring)
MPRegen  0.17/turn              (no ring)
                                (no ring)
                                (no ring)

@: about to teleport, ice-form, very slightly contaminated
A: large, almost no armour, stealthy swim, amphibious, 8 rings, (constrict 8)
a: End Transformation, Renounce Religion


You were on level 10 of the Dungeon.
You worshipped Wu Jian.
Wu Jian was aware of your devotion.
You were a creature of crystalline ice.
You visited 2 branches of the dungeon, and saw 11 of its levels.
You also visited: Ossuary.

You collected 688 gold pieces.

Inventory:

Jewellery
 j - a ring of resist corrosion (right front paw)
 n - the amulet of Divine Intervention {RegenMP Will++ Str-5 Dex+5}
   (You found it in an ossuary)

   [amulet of magic regeneration]

   It increases your magic regeneration.
   It affects your strength (-5).
   It affects your dexterity (+5).
   It affects your willpower, your defense against some magical effects.
 t - a ring of protection from cold (left front paw)
 w - an uncursed amulet of faith
Wands
 f - a wand of enslavement (7)
Scrolls
 a - 4 scrolls of fog
 h - 2 scrolls of amnesia
 k - 2 scrolls of teleportation
 o - 5 scrolls of remove curse
 q - 2 scrolls of enchant armour
 s - a scroll of silence
 u - 2 scrolls of immolation
 x - a scroll of magic mapping
 y - a scroll of blinking
Potions
 b - 8 potions of haste
 c - 8 potions of curing
 d - 2 potions of mutation
 e - 2 potions of ambrosia
 g - 2 potions of attraction
 i - a potion of flight
 l - 5 potions of might
 m - 2 potions of degeneration {unknown}
 p - 3 potions of cancellation {unknown}
 r - a potion of heal wounds
 v - a potion of resistance {unknown}


   Skills:
 + Level 6.5 Fighting
 + Level 6.8 Dodging
 * Level 10.0 Unarmed Combat
 - Level 6.0 Spellcasting
 * Level 7.9 Transmutations
 - Level 5.0 Ice Magic
 - Level 4.0 Poison Magic


You had 14 spell levels left.
You knew the following spells:

 Your Spells              Type           Power        Failure   Level
a - Beastly Appendage     Tmut           60%          1%          1
b - Spider Form           Tmut/Pois      11%          3%          3
c - Ice Form              Ice/Tmut       25%          10%         4

Your spell library contained the following spells:

 Spells                   Type           Power        Failure   Level
 Wereblood                Tmut           30%          1%          2
 Blade Hands              Tmut           15%          16%         5


Dungeon Overview and Level Annotations

Branches:
Dungeon (10/15)            Temple (1/1) D:7            Lair (0/6) D:9
    Orc (0/2) D:10        Ossuary (visited)

Altars:
Ashenzari
Cheibriados
Dithmenos
Elyvilon
Fedhas
Gozag
Hepliaklqana
Kikubaaqudgha
Makhleb
Nemelex Xobeh
Okawaru
Qazlal
Ru
Sif Muna
Trog
Uskayaw
Vehumet
Wu Jian
Xom
Yredelemnul
Zin
The Shining One

Shops:
D:5 =   D:8 *

Portals:
Abyss: D:3

Annotations:
D:3 2 transporters, Borgoz's ghost, amateur HaFi
D:6 exclusion: oklob plant
D:9 1 runed translucent door
D:10 Snorg


Innate Abilities, Weirdness & Mutations

You cannot wear most types of armour.
You are very stealthy in the water. (Stealth+)
You are amphibious.
You can wear up to eight rings at the same time.
((You can use your tentacles to constrict eight enemies at once.))
((Your skin changes colour to match your surroundings (Stealth+).))
((Your rubbery body absorbs attacks. (AC +1, EV +1)))


Message History

You miscast Ice Form.
You are very lightly contaminated with residual magic.
Nothing appears to happen.
Casting: Ice Form (dangerous; 10% risk of failure)
Confirm with . or Enter, or press ? or * to list all spells.
You turn into a creature of crystalline ice.
You punch Snorg! You freeze Snorg.
Snorg is lightly wounded.
Snorg goes berserk!
You pummel Snorg!! You freeze Snorg!
Snorg is moderately wounded.
Snorg bites you!! Snorg barely misses you. Snorg claws you.
As you read the scroll of teleportation, it crumbles to dust.
You feel strangely unstable. Snorg misses you. Snorg claws you! x2
Snorg bites you!
* * * LOW HITPOINT WARNING * * *
Snorg claws you!
* * * LOW HITPOINT WARNING * * *
Snorg claws you!!
You die...

.# #........# #.#
.####........# #.#
....'.†......######'####
#.###........#.........#
#.# ##########.........#
#.# #.........# #.#
#######.>###'####
#.######......#####.#
..?....'...)..'TY..>#
..######......#######
......##......#
.####.#########
..T.....<.####
..##.........#
..##.........#
..##.........#
..##.........#


You could see Snorg (berserk).

Vanquished Creatures
  Erolcha (D:9)
  A two-headed ogre (D:9)
  Nergalle (D:10)
  Joseph (D:10)
  9 yaks
  A wyvern (D:10)
  A wraith (D:10)
  A steam dragon (D:8)
  Grum (D:10)
  Menkaure (D:7)
  A water moccasin (D:8)
  6 orc warriors
  A black bear (D:9)
  A phantom (D:6)
  A sky beast (D:10)
  2 wolves (D:10)
  6 ogres
  2 centaurs
  A big kobold (D:9)
  Blork the orc (D:6)
  5 bullfrogs
  A water moccasin zombie (D:7)
  A wyvern zombie (Ossuary)
  A wyvern skeleton (D:7)
  4 scorpions
  9 killer bees (D:8)
  4 wights (D:10)
  2 electric eels (D:9)
  2 howler monkeys
  2 centaur zombies
  Crazy Yiuf (D:2)
  4 bullfrog zombies
  4 hounds
  2 orc priests
  A centaur skeleton (D:4)
  A jelly (D:10)
  A gnoll shaman (D:10)
  11 orc wizards
  An iguana (D:4)
  2 worker ants (D:9)
  4 hound zombies
  2 hound skeletons (D:4)
  14 mummies
  7 worker ant zombies
  A howler monkey zombie (D:6)
  A howler monkey skeleton (D:4)
  12 adders
  18 gnolls
  2 shadow imps
  A white imp (D:10)
  An ooze (D:2)
  3 adder zombies (Ossuary)
  2 worms (D:2)
  A dart slug (D:3)
  7 leopard geckos
  34 orcs
  13 bats
  4 bat skeletons (D:3)
  A bat zombie (D:3)
  7 giant cockroaches
  9 goblins
  7 hobgoblins
  6 jackals
  4 quokkas
  2 frilled lizards
  A giant cockroach zombie (Ossuary)
  3 jackal zombies
  15 kobolds
  3 leopard gecko zombies
  2 quokka zombies (Ossuary)
  18 rats
304 creatures vanquished.

Vanquished Creatures (others)
  8 fungi (D:9)
  18 plants (D:9)
  3 withered plants (Ossuary)
29 creatures vanquished.

Grand Total: 333 creatures vanquished

Notes
Turn   | Place    | Note
-------+----------+-------------------------------------------
     0 | D:1      | kae the Octopode Transmuter began the quest for the Orb.
     0 | D:1      | Reached XP level 1. HP: 13/13 MP: 3/3
   179 | D:1      | Reached XP level 2. HP: 9/18 MP: 3/5
   823 | D:1      | Reached XP level 3. HP: 23/23 MP: 4/6
  1432 | D:2      | Reached XP level 4. HP: 11/29 MP: 5/7
  2473 | D:2      | Reached skill level 4 in Unarmed Combat
  2726 | D:2      | Found a hazy altar of Hepliaklqana.
  2798 | D:2      | Found a runed translucent door.
  2799 | D:2      | Noticed Crazy Yiuf
  2806 | D:2      | Learned a level 3 spell: Spider Form
  2811 | D:2      | Learned a level 4 spell: Ice Form
  2819 | D:2      | Killed Crazy Yiuf
  2820 | D:2      | Reached XP level 5. HP: 22/34 MP: 4/8
  2957 | D:3      | Found a transporter.
  4361 | D:3      | Found a transporter.
  4372 | D:3      | Found a one-way gate to the infinite horrors of the Abyss.
  4372 | D:3      | Noticed Borgoz's ghost (amateur HaFi)
  4578 | D:3      | Found an ancient bone altar of Kikubaaqudgha.
  4670 | D:4      | Noticed an ogre
  4677 | D:4      | Killed an ogre
  4678 | D:4      | Reached skill level 1 in Ice Magic
  4678 | D:4      | Reached skill level 1 in Poison Magic
  4678 | D:4      | Reached XP level 6. HP: 28/40 MP: 6/10
  5085 | D:4      | Reached XP level 7. HP: 21/45 MP: 7/11
  5455 | D:4      | Reached skill level 5 in Unarmed Combat
  6152 | D:5      | Entered Level 5 of the Dungeon
  6152 | D:5      | Found Koannu's Jewellery Shop.
  6517 | D:5      | Noticed a moth of wrath
  6520 | D:5      | Found a bloodstained altar of Trog.
  7892 | D:6      | Reached XP level 8. HP: 21/52 MP: 13/13
  8576 | D:6      | Noticed Blork the orc
  8675 | D:6      | Found an iron altar of Okawaru.
  8675 | D:6      | Noticed an oklob plant
  9047 | D:6      | Reached skill level 6 in Unarmed Combat
 10872 | D:6      | Killed Blork the orc
 11058 | D:6      | Found an iron altar of Okawaru.
 11418 | D:7      | Reached XP level 9. HP: 58/58 MP: 12/15
 11654 | D:7      | Noticed Menkaure
 11660 | D:7      | Killed Menkaure
 11903 | D:7      | Found a staircase to the Ecumenical Temple.
 11925 | Temple   | Entered the Ecumenical Temple
 12151 | D:7      | Found an ornate altar of the Wu Jian Council.
 12153 | D:7      | Found a shimmering blue altar of Sif Muna.
 12210 | D:7      | Found a basalt altar of Yredelemnul.
 12214 | D:7      | Found a blossoming altar of Fedhas.
 12773 | D:8      | Reached skill level 7 in Unarmed Combat
 12868 | D:8      | Found Pudach's Changing Room.
 12933 | D:8      | Found a sand-covered staircase.
 12949 | Ossuary  | Entered an ossuary
 13386 | Ossuary  | Reached skill level 5 in Transmutations
 13427 | Ossuary  | Got a flickering bone amulet
 13556 | Ossuary  | Reached skill level 5 in Dodging
 13916 | D:8      | HP: 3/70 [poisoned by a killer bee]
 13922 | D:8      | HP: 3/70 [poisoned by a killer bee]
 13930 | D:8      | HP: 2/70 [poisoned by a killer bee]
 14845 | D:8      | Reached skill level 5 in Ice Magic
 14845 | D:8      | Reached XP level 10. HP: 16/65 MP: 12/17
 15354 | D:9      | Reached skill level 8 in Unarmed Combat
 15354 | D:9      | Reached skill level 5 in Spellcasting
 15501 | D:7      | Became a worshipper of the Wu Jian Council
 15538 | D:9      | Found a burning altar of Makhleb.
 15544 | D:9      | Reached skill level 5 in Fighting
 15703 | D:9      | Found a white marble altar of Elyvilon.
 15703 | D:9      | Found a runed translucent door.
 15703 | D:9      | Noticed an angel
 15797 | D:9      | Noticed Erolcha
 15802 | D:9      | Killed Erolcha
 16234 | D:9      | Reached * piety under Wu Jian
 16358 | D:9      | Noticed a two-headed ogre
 16359 | D:9      | Identified the amulet of Divine Intervention {RegenMP
                  | Will++ Str-5 Dex+5} (You found it in an ossuary)
 16367 | D:9      | Killed a two-headed ogre
 16368 | D:9      | Reached skill level 9 in Unarmed Combat
 16738 | D:9      | Found a staircase to the Lair.
 16911 | D:10     | Entered Level 10 of the Dungeon
 16932 | D:10     | Noticed Joseph
 17235 | D:9      | Reached XP level 11. HP: 72/72 MP: 15/19
 17509 | D:10     | Noticed Grum
 17689 | D:10     | Killed Grum
 17820 | D:10     | Noticed Snorg
 18072 | D:10     | Noticed Nergalle
 18090 | D:10     | Killed Nergalle
 18354 | D:10     | Killed Joseph
 18794 | D:10     | Reached skill level 10 in Unarmed Combat
 18913 | D:10     | Found a staircase to the Orcish Mines.
 19042 | D:10     | Mangled by Snorg

Illustrated notes

Levels and vault maps discovered:
D:1:      giann_horns, layout_loops_ring, hangedman_decor_clover_reticule,
          ebering_dispersal_statue_hall, kennysheep_boxes
D:2:      layout_loops_ring, nzn_hepliaklqana_mist_gate, minmay_pentomino_r2,
          uniq_crazy_yiuf_cottage
D:3:      layout_loops_cross, kennysheep_vampire_church,
          gammafunk_ghost_abyssal_escape
D:4:      layout_loops_ring
D:5:      layout_basic, serial_shops, shop_statue, tgw_trog
D:6:      layout_cave_pods, lemuel_oklob_altar, uniq_blork_the_orc
D:7:      layout_basic, nicolae_overflow_hidden_temple,
          minmay_temple_entry_stoned_glass, feat_on_display, uniq_menkaure
D:8:      layout_loops_corners, gup_ossuary_entry_pyramid,
          nicolae_transmutations_shop, hex_medium
D:9:      layout_basic, grunt_lair_entry_orc_guard_hut, basic_altar,
          serial_bayou_ford_a, lemuel_angel_altar, uniq_erolcha
D:10:     layout_basic, orc_0_dummy, uniq_nergalle, uniq_grum, uniq_joseph,
          uniq_snorg
Temple:   nicolae_temple_x_marks_the_god

Skill      XL: |  1  2  3  4  5  6  7  8  9 10 11 |
---------------+----------------------------------+-----
Unarmed Combat | 4 5 6 7 9 10 | 10.0
Fighting       | 2 3 4 5 6 |  6.5
Dodging        | 3 4 5 6 |  6.8
Spellcasting   | 3 4 5 6 |  6.0
Transmutations | 3 4 5 6 7 |  7.9
Ice Magic      | 1 2 3 5 |  5.0
Poison Magic   | 1 2 4 |  4.0

Action                   |  1- 3 |  4- 6 |  7- 9 | 10-12 || total
-------------------------+-------+-------+-------+-------++-------
Melee: Unarmed           |    69 |   174 |   444 |   210 ||   897
       Tentacles         |    12 |    11 |    34 |     3 ||    60
       Kick              |    10 |    11 |    31 |     4 ||    56
       Constrict         |    19 |    27 |    40 |     4 ||    90
       Punch             |     3 |     1 |     7 |       ||    11
 Cast: Beastly Appendage |    18 |    18 |    21 |     3 ||    60
       Spider Form       |       |     9 |    12 |     2 ||    23
       Ice Form          |       |       |    18 |    23 ||    41
Invok: Lunge             |       |       |       |    20 ||    20
  Use: Scroll            |     2 |     4 |    16 |     3 ||    25
       Potion            |       |       |     4 |     1 ||     5
 Stab: Sleeping          |     5 |     4 |     4 |     1 ||    14
       Distracted        |       |       |       |     1 ||     1
Armor: Skin              |    10 |    12 |    47 |    26 ||    95
Dodge: Dodged            |    63 |   168 |   255 |    98 ||   584

Table legend: (Time is in decaauts)
 A = Elapsed time spent in this place.
 B = Non-inter-level travel time spent in this place.
 C = Inter-level travel time spent in this place.
 D = Time resting spent in this place.
 E = Time spent auto-exploring this place.
 F = Levels seen in this place.
 G = Mean time per level.
                   A        B        C        D        E       F      G
               +--------+--------+--------+--------+--------+-----+--------+
         Total |  18951 |  18393 |    558 |   3603 |  12428 |  12 | 1579.2 |
       Dungeon |  18113 |  17564 |    549 |   3528 |  11874 |  10 | 1811.3 |
        Temple |     88 |     80 |      8 |      0 |     79 |   1 |   88.0 |
       Ossuary |    749 |    749 |      0 |     75 |    475 |   1 |  749.0 |
               +--------+--------+--------+--------+--------+-----+--------+

Top non-repeatable levels by time:
     D:6: 2987 daAuts
     D:2: 2529 daAuts
     D:9: 2239 daAuts
     D:5: 1980 daAuts
     D:8: 1840 daAuts
     D:4: 1546 daAuts
    D:10: 1473 daAuts
     D:7: 1401 daAuts
     D:1: 1138 daAuts
     D:3: 975 daAuts
 Ossuary: 749 daAuts
  Temple: 88 daAuts
